AoeStats
← alex_zaitsevae

Arabian Desert

510243330Analyzed
1v1 RM · 1d ago on Sep 30, 2026· 57m 36s· 2 players
Game mode
Random Map
Map size
Tiny (2 player)
Population
200
Speed
Normal
Resources
Standard
Victory
Conquest
Starting age
Dark Age
Ending age
Imperial Age
RankedLock teamsTeams togetherTeam positionsShared explorationLock speedFull tech treeHidden civsTurbo modeCheats
Victory
Defeat
🇦🇷 Armenians · Argentina
919
+18
🇲🇽 Bohemians · Mexico
957
-18
Gn.Chalo Fernandez
5:13 Loom
11:13 Feudal Age
11:15 Man-at-Arms
11:58 Long Swordsman
12:59 Double-Bit Axe
13:28 Scale Mail Armor
13:59 Arson
16:03 Forging
16:54 Horse Collar
20:41 Scale Barding Armor
22:58 Castle Age
23:17 Bloodlines
24:19 Iron Casting
23:07 Two-Handed Swordsman
23:34 Gambesons
26:03 Chain Mail Armor
26:45 Husbandry
26:57 Pikeman
29:23 Bow Saw
29:16 Heavy Plow
30:57 Squires
33:42 Wheelbarrow
32:53 Town Watch
38:07 Imperial Age
38:59 Chain Barding Armor
43:17 Halberdier
45:56 Blast Furnace
44:46 Fletching
48:16 Light Cavalry
50:03 Conscription
50:52 Gold Mining
52:51 Fereters
55:32 Cavalier
alex_zaitsevae
6:58 Loom
10:18 Feudal Age
16:43 Double-Bit Axe
20:45 Town Watch
23:56 Castle Age
22:04 Horse Collar
23:22 Forging
25:59 Iron Casting
38:37 Murder Holes
39:43 Chemistry
39:41 Wheelbarrow
39:09 Town Patrol
53:40 Hand Cart
56:06 Wagenburg Tactics
Connection lost

Rejoining the realm…

Still unreachable

The connection could not be restored.

Session expired

The server has moved on; the page needs a fresh start.